 Dungeon Crawl Stone Soup version 0.28-a0-563-gf77a47075d (webtiles) character file.

Game seed: 17778911560284994957

154 omnomnOMINOUS the Vexing (level 5, -1/52 HPs)
             Began as an Octopode Wanderer on Sept 29, 2021.
             Was a Believer of Wu Jian.
             Slain by a steam dragon (3 damage)
             ... on level 4 of the Dungeon.
             The game lasted 00:08:18 (3659 turns).

omnomnOMINOUS the Vexing (Octopode Wanderer)        Turns: 3659, Time: 00:08:18

Health: -1/52      AC:  1    Str: 15    XL:     5   Next: 36%
Magic:  8/8        EV: 13    Int: 12    God:    Wu Jian [**....]
Gold:   121        SH:  0    Dex: 11    Spells: 8/8 levels left

rFire   . . .      SeeInvis .   a - +2 dagger (venom)
rCold   . . .      Faith    .   (no shield)
rNeg    . . .      Spirit   .   (helmet restricted)
rPois   .          Reflect  .   (no amulet)
rElec   .          Harm     .   c - ring of flight
rCorr   .          Rampage  .   r - ring of wizardry
Will    .....                   (no ring)
Stlth   ..........              (no ring)
HPRegen 0.17/turn               (no ring)
MPRegen 0.11/turn               (no ring)
                                (no ring)
                                (no ring)

@: berserking, flying, very quick
A: almost no armour, amphibious, 8 rings, camouflage 1, gelatinous body 1,
(nimble swimmer 1), tentacles
a: Renounce Religion, Wall Jump


You were on level 4 of the Dungeon.
You worshipped Wu Jian.
Wu Jian was pleased with you.
You visited 1 branch of the dungeon, and saw 4 of its levels.

You collected 121 gold pieces.

Inventory:

Hand Weapons
 a - a +2 dagger of venom (weapon)
 b - a +0 long sword
Armour
 g - a +0 buckler
Jewellery
 c - a ring of flight (left tentacle)
 r - a ring of wizardry (right tentacle)
Scrolls
 d - 2 scrolls of fear {unknown}
 h - a scroll of summoning {unknown}
 i - a scroll of magic mapping {unknown}
 j - a scroll of blinking {unknown}
 k - 2 scrolls of enchant weapon {unknown}
 m - 2 scrolls of fog {unknown}
Potions
 e - 2 potions of curing
 f - a potion of might {unknown}
 l - a potion of berserk rage
 n - a potion of flight {unknown}
 o - a potion of heal wounds {unknown}
 p - a potion of attraction {unknown}
 q - a potion of haste {unknown}


   Skills:
 + Level 2.5 Fighting
 - Level 2.0 Bows
 + Level 2.6 Dodging
 - Level 1.3 Stealth
 + Level 1.7 Shields
 + Level 2.0 Spellcasting
 - Level 3.0 Hexes
 - Level 2.0 Translocations
 - Level 1.1 Evocations


You had 8 spell levels left.
You didn't know any spells.
Your spell library contained the following spells:

 Spells                   Type           Power      Damage    Failure   Level
 Ensorcelled Hibernation  Hex/Ice        8%         N/A       9%          2
 Confusing Touch          Hex            8%         N/A       10%         3
 Tukima's Dance           Hex            8%         N/A       10%         3
 Pain                     Necr           4%         1d4       11%         1
 Passwall                 Tmut/Erth      0%         N/A       16%         2
 Static Discharge         Conj/Air       1%         N/A       16%         2
 Wereblood                Tmut           1%         N/A       16%         2
 Dazzling Flash           Conj/Hex       8%         N/A       17%         3
 Dispel Undead            Necr           1%         3d6       69%         4
 Sticky Flame             Conj/Fire      1%         2d3       69%         4
 Agony                    Necr           1%         N/A       95%         5
 Excruciating Wounds      Necr           0%         N/A       95%         5


Dungeon Overview and Level Annotations

Branches:
Dungeon (4/15)
 Temple: D:4-7

Altars:
Uskayaw
Wu Jian

Annotations:
D:3 1 runed translucent door, elongatedgoose's ghost, amateur KoBr


Innate Abilities, Weirdness & Mutations

You cannot wear most types of armour.
You are amphibious.
You can wear up to eight rings at the same time.
Your skin changes colour to match your surroundings (Stealth+).
Your rubbery body absorbs attacks. (AC +1, EV +1)
((You are camouflaged near water. (Stealth+)))
You have tentacles for arms and can constrict up to eight enemies at once.


Message History

Unknown command.
There is an open door here.
You start resting.
HP restored.
There is an open door here.
There is a stone staircase leading down here.
You fly downwards.
There is a stone staircase leading up here.
The helpless steam dragon fails to defend itself.
You hit the steam dragon.
The steam dragon is poisoned.
You squeeze the steam dragon.
The steam dragon is lightly wounded.
The steam dragon breathes steam at you. The ball of steam hits you!!
Ouch! That really hurt!
* * * LOW HITPOINT WARNING * * *
You hear a shout!
Unknown command.
Okay, then.
Okay, then.
Unknown command.
It was a potion of berserk rage.
A red film seems to cover your vision as you go berserk!
You feel yourself moving faster!
You feel mighty!
You are engulfed in a cloud of scalding steam.
The steam dragon barely misses you. The steam dragon closely misses you.
You spin and attack the steam dragon.
You barely miss the steam dragon.
The steam dragon is lightly wounded.
The steam dragon barely misses you. The steam dragon claws you.
* * * LOW HITPOINT WARNING * * *
You puncture the steam dragon!
The steam dragon looks as sick as possible!
The steam dragon is heavily wounded.
You are too berserk!
You barely miss the steam dragon.
The steam dragon is heavily wounded.
The steam dragon bites you!
* * * LOW HITPOINT WARNING * * *
The steam dragon claws you.
You die...

# .g# # .g.
#g .g#
#.##### .# #
##.#.§§## .#
#..#....§..#
.#
.......§.<.#
##
####..D@...#
# ##.#...##
#.##.## #
#.# #.# #.#
#.. ##


You could see a steam dragon (extremely poisoned, catching breath) and a
hobgoblin.

Vanquished Creatures
  An iguana (D:4)
  Jessica (D:2)
  Ijyb (D:3)
  An adder (D:2)
  A worm (D:3)
  A dart slug (D:2)
  7 ball pythons
  4 endoplasms
  3 giant cockroaches
  13 goblins
  6 hobgoblins
  A quokka (D:1)
  8 bats
  A frilled lizard (D:3)
  3 kobolds
  6 rats
58 creatures vanquished.

Vanquished Creatures (others)
  3 fungi (D:1)
  4 plants (D:1)
7 creatures vanquished.

Grand Total: 65 creatures vanquished

Notes
Turn   | Place    | Note
-------+----------+-------------------------------------------
     0 | D:1      | omnomnOMINOUS the Octopode Wanderer began the quest for the
                  | Orb.
     0 | D:1      | omnomnOMINOUS set off with the following items: a +0 club,
                  | a potion of curing; and the following spells available to
                  | memorise: Ensorcelled Hibernation, Confusing Touch,
                  | Tukima's Dance, Passwall, Wereblood, Dazzling Flash
     0 | D:1      | Reached XP level 1. HP: 13/13 MP: 1/1
     1 | D:1      | Noticed an electric eel
    53 | D:1      | Reached skill level 1 in Dodging
   156 | D:1      | Reached XP level 2. HP: 7/18 MP: 2/2
   374 | D:1      | Found a faded altar of an unknown god.
   382 | D:1      | Became a worshipper of the Wu Jian Council
   382 | D:1      | Reached * piety under Wu Jian
   826 | D:1      | Reached skill level 1 in Spellcasting
   826 | D:1      | Reached XP level 3. HP: 16/23 MP: 4/4
  2006 | D:2      | Noticed Jessica
  2013 | D:2      | Killed Jessica
  2014 | D:2      | Reached skill level 1 in Shields
  2014 | D:2      | Reached XP level 4. HP: 29/29 MP: 4/6
  2284 | D:3      | Reached ** piety under Wu Jian
  2305 | D:3      | Found a runed translucent door.
  2305 | D:3      | Noticed elongatedgoose's ghost (amateur KoBr)
  2328 | D:3      | Noticed a +0 dagger
  2329 | D:3      | Noticed a +0 falchion
  2330 | D:3      | Noticed a +0 spear
  2330 | D:3      | Noticed a +0 spear
  2330 | D:3      | Noticed a +0 falchion
  2330 | D:3      | Noticed a +0 dagger
  2331 | D:3      | Noticed a +0 short sword
  2332 | D:3      | Noticed a +0 short sword
  2640 | D:3      | Found a hide-covered altar of Uskayaw.
  2790 | D:3      | Noticed Ijyb
  3183 | D:4      | Reached XP level 5. HP: 28/35 MP: 7/7
  3403 | D:3      | Paralysed by Ijyb for 7 turns
  3414 | D:3      | Killed Ijyb
  3652 | D:4      | Noticed a steam dragon
  3659 | D:4      | HP: 2/52 [steam dragon (8)]
  3659 | D:4      | Slain by a steam dragon

Illustrated notes

Levels and vault maps discovered:
D:1:      arrival_aquarium_a, layout_basic,
          shapermc_ecumenical_altar_mp_ritualfount, kennysheep_small_spiral
D:2:      layout_basic, uniq_jessica
D:3:      kennysheep_the_goblin_king, layout_basic, nicolae_uskayaw_en_pointe,
          serial_glass, glass_columns_a, glass_columns_b, due_unseen_surprise,
          ebering_ghost_inner_flame
D:4:      layout_loops_ring, mainiacjoe_overflow_boulevard,
          mainiacjoe_overflow_tiny_flanked, uniq_eustachio

Skill      XL: |  1  2  3  4  5 |
---------------+----------------+-----
Dodging        | 1 2 |  2.6
Spellcasting   | 1 2 |  2.0
Fighting       | 2 |  2.5
Shields        | 1 |  1.7
Bows           | |  2.0
Stealth        | |  1.3
Hexes          | |  3.0
Translocations | |  2.0
Evocations     | |  1.1

Action                   |  1- 3 |  4- 6 || total
-------------------------+-------+-------++-------
Melee: Dagger            |    14 |    20 ||    34
       Constrict         |    17 |    10 ||    27
       Club              |     5 |       ||     5
       Tentacles         |    12 |     9 ||    21
       Long sword        |    53 |    20 ||    73
Invok: Lunge             |     9 |     7 ||    16
       Whirlwind         |       |     3 ||     3
  Use: Potion            |       |     1 ||     1
 Stab: Sleeping          |    12 |     2 ||    14
Armor: Skin              |     7 |     2 ||     9
Dodge: Dodged            |    46 |    21 ||    67

Table legend: (Time is in decaauts)
 A = Elapsed time spent in this place.
 B = Non-inter-level travel time spent in this place.
 C = Inter-level travel time spent in this place.
 D = Time resting spent in this place.
 E = Time spent auto-exploring this place.
 F = Levels seen in this place.
 G = Mean time per level.
                   A        B        C        D        E       F      G
               +--------+--------+--------+--------+--------+-----+--------+
         Total |   3681 |   3578 |    103 |    741 |   2275 |   4 |  920.2 |
       Dungeon |   3681 |   3578 |    103 |    741 |   2275 |   4 |  920.2 |
               +--------+--------+--------+--------+--------+-----+--------+

Top non-repeatable levels by time:
     D:3: 1377 daAuts
     D:1: 1256 daAuts
     D:2: 1002 daAuts
     D:4: 44 daAuts
